BSA
SAN FRANCISCO BANDITS @ LOS CABOS CARTEL
08/01/2024
 
TOP OF THE 1ST
San Francisco Bandits batting - Pitching for Los Cabos Cartel : LHP Michael Manning
Pitching: LHP Michael Manning
Batting: RHB Pete Rideout 0-0: Fly out, F7 (Line Drive, 7S)
Batting: SHB Vicente Ricks 0-0: Called Strike
0-1: Reached on error, E6 (Groundball, 6M)
Batting: RHB Jorge Morales 0-0: Called Strike
0-1: Fly out, F9 (Flyball, 89S)
Batting: RHB Cory Foster 0-0: Ball
1-0: Ball
2-0: Foul Ball, location: 2F
2-1: Foul Ball, location: 2F
2-2: Strikes out swinging
Top of the 1st over - 0 run(s), 0 hit(s), 1 error(s), 1 left on base; San Francisco 0 - Los Cabos 0
BOTTOM OF THE 1ST
Los Cabos Cartel batting - Pitching for San Francisco Bandits : RHP Álex Rodríguez
Pitching: RHP Álex Rodríguez
Batting: RHB Dan Mason 0-0: Foul Ball, location: 2F
0-1: Ball
1-1: Foul Ball, location: 2F
1-2: SINGLE (Line Drive, 6)
Batting: LHB Luis González 0-0: Ball
1-0: Called Strike
1-1: Swinging Strike
1-2: Fly out, F7 (Flyball, 7LMF)
Batting: SHB Julián Madrid 0-0: Ball
1-0: Foul Ball, location: 2F
1-1: Ball
2-1: Foul Ball, location: 2F
2-2: DOUBLE (Line Drive, 8RXD)
Dan Mason to third
Runner from 3rd tries for Home, SAFE, no throw or cutoff
Batting: LHB Marc Brown 0-0: Swinging Strike
0-1: Swinging Strike
0-2: Ball
1-2: Foul Ball, location: 2F
1-2: Fly out, F5 (Popup, 5D)
Batting: RHB Stephen Wilson 0-0: Foul Ball, location: 2F
0-1: Ball
1-1: Foul Ball, location: 2F
1-2: Ball
2-2: Ground out 6-3 (Groundball, 6)
Bottom of the 1st over - 1 run(s), 2 hit(s), 0 error(s), 1 left on base; San Francisco 0 - Los Cabos 1
TOP OF THE 2ND
San Francisco Bandits batting - Pitching for Los Cabos Cartel : LHP Michael Manning
Batting: RHB Michael Elliott 0-0: Ball
1-0: Ground out 6-3 (Groundball, 6M)
Batting: RHB Ramón Ruíz 0-0: Called Strike
0-1: Foul Ball, location: 2F
0-2: Strikes out looking
Batting: LHB Francisco Calderón 0-0: Ground out U3 (Groundball, 3S)
Top of the 2nd over - 0 run(s), 0 hit(s), 0 error(s), 0 left on base; San Francisco 0 - Los Cabos 1
BOTTOM OF THE 2ND
Los Cabos Cartel batting - Pitching for San Francisco Bandits : RHP Álex Rodríguez
Batting: LHB Manny Quiñones 0-0: Foul Ball, location: 2F
0-1: Swinging Strike
0-2: Ball
1-2: Ball
2-2: Foul Ball, location: 2F
2-2: Strikes out swinging
Batting: RHB Sam Wallace 0-0: Ball
1-0: Called Strike
1-1: Swinging Strike
1-2: Ground out 6-3 (Groundball, 6)
Batting: LHB José Rivas 0-0: Foul Ball, location: 2F
0-1: Ball
1-1: Ball
2-1: Foul Ball, location: 2F
2-2: Ground out 4-3 (Groundball, 4)
Bottom of the 2nd over - 0 run(s), 0 hit(s), 0 error(s), 0 left on base; San Francisco 0 - Los Cabos 1
TOP OF THE 3RD
San Francisco Bandits batting - Pitching for Los Cabos Cartel : LHP Michael Manning
Batting: RHB Susumu Sugiyama 0-0: Foul Ball, location: 2F
0-1: Swinging Strike
0-2: Ball
1-2: Ball
2-2: SINGLE (Groundball, 6MD)
Batting: RHB Jorge Díaz 0-0: Called Strike
0-1: Swinging Strike
0-2: Foul Ball, location: 2F
0-2: Fly out, F9 (Flyball, 89D)
Batting: RHB Pete Rideout 0-0: Fielders Choice at 2nd, 6-4 (Groundball, 6M)
Batting: SHB Vicente Ricks 0-0: Called Strike
0-1: Ball
1-1: Ball
2-1: Called Strike
2-2: SINGLE (Groundball, 56D)
Pete Rideout to second
Pete Rideout to third
Batting: RHB Jorge Morales 0-0: Called Strike
0-1: Ball
1-1: Foul Ball, location: 2F
1-2: Strikes out looking
Top of the 3rd over - 0 run(s), 2 hit(s), 0 error(s), 2 left on base; San Francisco 0 - Los Cabos 1
BOTTOM OF THE 3RD
Los Cabos Cartel batting - Pitching for San Francisco Bandits : RHP Álex Rodríguez
Batting: RHB Oliver Lugo 0-0: Called Strike
0-1: SINGLE (Flyball, 7S)
Batting: RHB Dan Mason 0-0: Ball
1-0: Ball
2-0: Called Strike
2-1: Called Strike
2-2: Strikes out swinging
Batting: LHB Luis González 0-0: Ball
Oliver Lugo is caught stealing 2nd base
1-0: Ball
2-0: Ground out 6-3 (Groundball, 6M)
Bottom of the 3rd over - 0 run(s), 1 hit(s), 0 error(s), 0 left on base; San Francisco 0 - Los Cabos 1
TOP OF THE 4TH
San Francisco Bandits batting - Pitching for Los Cabos Cartel : LHP Michael Manning
Batting: RHB Cory Foster 0-0: Foul Ball, location: 2F
0-1: Ball
1-1: Foul Ball, location: 2F
1-2: Ground out 6-3 (Groundball, 6)
Batting: RHB Michael Elliott 0-0: Fly out, F8 (Flyball, 8LM)
Batting: RHB Ramón Ruíz 0-0: Foul Ball, location: 2F
0-1: Ball
1-1: Ball
2-1: Called Strike
2-2: Strikes out swinging
Top of the 4th over - 0 run(s), 0 hit(s), 0 error(s), 0 left on base; San Francisco 0 - Los Cabos 1
BOTTOM OF THE 4TH
Los Cabos Cartel batting - Pitching for San Francisco Bandits : RHP Álex Rodríguez
Batting: SHB Julián Madrid 0-0: Ball
1-0: Foul Ball, location: 2F
1-1: Ball
2-1: Ball
3-1: Base on Balls
Batting: LHB Marc Brown 0-0: Fly out, F8 (Flyball, 8LS)
Batting: RHB Stephen Wilson 0-0: TRIPLE (Flyball, 89XD)
Julián Madrid scores
Batting: LHB Manny Quiñones 0-0: Ball
1-0: Ball
2-0: Called Strike
2-1: Called Strike
2-2: Strikes out swinging
Batting: RHB Sam Wallace 0-0: Foul Ball, location: 2F
0-1: Called Strike
0-2: Ball
1-2: Ball
2-2: Ball
3-2: Foul Ball, location: 2F
3-2: Strikes out looking
Bottom of the 4th over - 1 run(s), 1 hit(s), 0 error(s), 1 left on base; San Francisco 0 - Los Cabos 2
TOP OF THE 5TH
San Francisco Bandits batting - Pitching for Los Cabos Cartel : LHP Michael Manning
Batting: LHB Francisco Calderón 0-0: Called Strike
0-1: Ball
1-1: Called Strike
1-2: Ground out U3 (Groundball, 3S)
Batting: RHB Susumu Sugiyama 0-0: Called Strike
0-1: Ball
1-1: Ground out 6-3 (Groundball, 6)
Batting: RHB Jorge Díaz 0-0: Ball
1-0: Ground out 5-3 (Groundball, 5)
Top of the 5th over - 0 run(s), 0 hit(s), 0 error(s), 0 left on base; San Francisco 0 - Los Cabos 2
BOTTOM OF THE 5TH
Los Cabos Cartel batting - Pitching for San Francisco Bandits : RHP Álex Rodríguez
Batting: LHB José Rivas 0-0: Ball
1-0: Called Strike
1-1: Called Strike
1-2: Ball
2-2: Strikes out swinging
Batting: RHB Oliver Lugo 0-0: Ball
1-0: Ground out 1-3 (Groundball, 13S)
Batting: RHB Dan Mason 0-0: Swinging Strike
0-1: Ball
1-1: Ball
2-1: Foul Ball, location: 2F
2-2: Strikes out swinging
Bottom of the 5th over - 0 run(s), 0 hit(s), 0 error(s), 0 left on base; San Francisco 0 - Los Cabos 2
TOP OF THE 6TH
San Francisco Bandits batting - Pitching for Los Cabos Cartel : LHP Michael Manning
Batting: RHB Pete Rideout 0-0: Ball
1-0: Ground out 5-3 (Groundball, 5L)
Batting: SHB Vicente Ricks 0-0: Swinging Strike
0-1: Ball
1-1: Ground out 1-3 (Groundball, 15S)
Batting: RHB Jorge Morales 0-0: Called Strike
0-1: Called Strike
0-2: Ball
1-2: Foul Ball, location: 2F
1-2: Ball
2-2: Ball
3-2: Foul Ball, location: 2F
3-2: Foul Ball, location: 2F
3-2: Foul Ball, location: 2F
3-2: SINGLE (Line Drive, 56)
Batting: RHB Cory Foster 0-0: Ball
1-0: Ball
2-0: Ball
3-0: Base on Balls
Jorge Morales to second
Batting: RHB Michael Elliott 0-0: Ball
1-0: Ball
2-0: Ball
3-0: Base on Balls
Jorge Morales to third
Cory Foster to second
Batting: RHB Ramón Ruíz 0-0: Fly out, F3 (Popup, 3SF)
Top of the 6th over - 0 run(s), 1 hit(s), 0 error(s), 3 left on base; San Francisco 0 - Los Cabos 2
BOTTOM OF THE 6TH
Los Cabos Cartel batting - Pitching for San Francisco Bandits : RHP Álex Rodríguez
Batting: LHB Luis González 0-0: Called Strike
0-1: Called Strike
0-2: Ground out 1-3 (Groundball, 25)
Batting: SHB Julián Madrid 0-0: Called Strike
0-1: Foul Ball, location: 2F
0-2: Ball
1-2: Foul Ball, location: 2F
1-2: Ball
2-2: Ground out 5-3 (Groundball, 56)
Batting: LHB Marc Brown 0-0: Ball
1-0: Fly out, F5 (Popup, 5F)
Bottom of the 6th over - 0 run(s), 0 hit(s), 0 error(s), 0 left on base; San Francisco 0 - Los Cabos 2
TOP OF THE 7TH
San Francisco Bandits batting - Pitching for Los Cabos Cartel : LHP Michael Manning
Batting: LHB Francisco Calderón 0-0: Ground out 4-3 (Groundball, 4)
Batting: RHB Susumu Sugiyama 0-0: Ball
1-0: Ground out U3 (Groundball, 3S)
Batting: RHB Jorge Díaz 0-0: Ball
1-0: Ground out U3 (Groundball, 3S)
Top of the 7th over - 0 run(s), 0 hit(s), 0 error(s), 0 left on base; San Francisco 0 - Los Cabos 2
BOTTOM OF THE 7TH
Los Cabos Cartel batting - Pitching for San Francisco Bandits : RHP Álex Rodríguez
Pitching: RHP Pedro Castillo
Batting: RHB Stephen Wilson 0-0: Foul Ball, location: 2F
0-1: Ball
1-1: Foul Ball, location: 2F
1-2: Ball
2-2: Ground out 6-3 (Groundball, 6)
Batting: LHB Manny Quiñones 0-0: SINGLE (Groundball, 4S) (infield hit)
Batting: RHB Sam Wallace 0-0: 2-RUN HOME RUN (Flyball, 7D), Distance : 392 ft
Batting: LHB José Rivas 0-0: Ball
1-0: Ball
2-0: Foul Ball, location: 2F
2-1: Foul Ball, location: 2F
2-2: Ball
3-2: Strikes out looking
Batting: RHB Oliver Lugo 0-0: Called Strike
0-1: Ground out 4-3 (Groundball, 4M)
Bottom of the 7th over - 2 run(s), 2 hit(s), 0 error(s), 0 left on base; San Francisco 0 - Los Cabos 4
TOP OF THE 8TH
San Francisco Bandits batting - Pitching for Los Cabos Cartel : LHP Michael Manning
Batting: RHB Pete Rideout 0-0: Ball
1-0: Foul Ball, location: 2F
1-1: Ball
2-1: SINGLE (Line Drive, 7LS)
Batting: SHB Vicente Ricks 0-0: Ball
1-0: Called Strike
1-1: Ball
2-1: Fielders Choice at 2nd, 5-4 (Groundball, 5)
Batting: RHB Jorge Morales 0-0: Called Strike
0-1: Ball
1-1: Called Strike
1-2: Ball
2-2: Ball
3-2: Foul Ball, location: 2F
3-2: Foul Ball, location: 2F
3-2: Base on Balls
Vicente Ricks to second
Batting: RHB Cory Foster 0-0: Foul Ball, location: 2F
0-1: Ball
1-1: Ground out 4-3 (Groundball, 4M)
Vicente Ricks to third
Jorge Morales to second
Batting: RHB Michael Elliott 0-0: Called Strike
0-1: Ball
1-1: Reached on error, E6 (Groundball, 6)
Vicente Ricks scores
Jorge Morales to third
Pitching: RHP Jorge Jiménez
Batting: RHB Ramón Ruíz 0-0: Swinging Strike
Pickoff Throw to First - Out!
Top of the 8th over - 1 run(s), 1 hit(s), 1 error(s), 0 left on base; San Francisco 1 - Los Cabos 4
BOTTOM OF THE 8TH
Los Cabos Cartel batting - Pitching for San Francisco Bandits : RHP Pedro Castillo
Pitching: RHP Carlos Ruíz
Batting: RHB Dan Mason 0-0: Ball
1-0: Called Strike
1-1: Ball
2-1: Ball
3-1: Swinging Strike
3-2: Base on Balls
Batting: LHB Luis González 0-0: Ball
1-0: Ball
Dan Mason steals 2nd base
2-0: Called Strike
2-1: Foul Ball, location: 2F
2-2: Foul Ball, location: 2F
2-2: Ground out U3 (Groundball, 3L)
Dan Mason to third
Batting: SHB Julián Madrid 0-0: Intentional Walk
Batting: LHB Marc Brown 0-0: 3-RUN HOME RUN (Flyball, 9D), Distance : 396 ft
Batting: RHB Stephen Wilson 0-0: Foul Ball, location: 2F
0-1: Ball
1-1: Called Strike
1-2: Ground out 5-3 (Groundball, 5L)
Batting: LHB Manny Quiñones 0-0: Ball
1-0: Called Strike
1-1: Called Strike
1-2: Foul Ball, location: 2F
1-2: Foul Ball, location: 2F
1-2: Ball
2-2: Ball
3-2: Fly out, F7 (Flyball, 7M)
Bottom of the 8th over - 3 run(s), 1 hit(s), 0 error(s), 0 left on base; San Francisco 1 - Los Cabos 7
TOP OF THE 9TH
San Francisco Bandits batting - Pitching for Los Cabos Cartel : RHP Jorge Jiménez
Batting: RHB Ramón Ruíz 0-0: Foul Ball, location: 2F
0-1: SINGLE (Flyball, 9S)
Batting: LHB Francisco Calderón 0-0: Called Strike
0-1: Ball
1-1: Ball
2-1: Swinging Strike
2-2: Foul Ball, location: 2F
2-2: Strikes out swinging
Batting: RHB Susumu Sugiyama 0-0: Ball
1-0: Ball
2-0: Ball
3-0: Called Strike
3-1: Called Strike
3-2: Fly out, F5 (Popup, 5SF)
Batting: RHB Jorge Díaz 0-0: SINGLE (Line Drive, 56)
Ramón Ruíz to second
Batting: RHB Pete Rideout 0-0: Called Strike
0-1: Called Strike
0-2: Ball
1-2: Ball
2-2: SINGLE (Groundball, 5D)
Ramón Ruíz to third
Jorge Díaz to second
Runner from 3rd tries for Home, SAFE, no throw or cutoff
Batting: SHB Vicente Ricks 0-0: Ball
1-0: Foul Ball, location: 2F
1-1: Ball
2-1: Ball
3-1: Swinging Strike
3-2: Strikes out swinging
Top of the 9th over - 1 run(s), 3 hit(s), 0 error(s), 2 left on base; San Francisco 2 - Los Cabos 7
This league is powered by Out of the Park Baseball, the baseball management simulation game for PC, Mac and Linux
Saturday, April 9th, 2016 - OOTP Baseball 16.8 Build 38